 Dungeon Crawl Stone Soup version 0.27-a0-965-gbf8bb431c4 (webtiles) character file.

Game seed: 7618212889063478098

623 leviel the Magician (level 7, -4/45 HPs)
             Began as a Djinni Ice Elementalist on Apr 12, 2021.
             Slain by a black bear (5 damage)
             ... on level 4 of the Dungeon.
             The game lasted 00:16:13 (4637 turns).

leviel the Magician (Djinni Ice Elementalist)       Turns: 4637, Time: 00:16:14

Health: -4/45      AC:  2    Str: 12    XL:     7   Next: 47%
Gold:   150        EV: 13    Int: 18    God:
                   SH:  0    Dex: 14

rFire    + . .     SeeInvis .   (no weapon)
rCold    . . .     Faith    .   (no shield)
rNeg     . . .     Spirit   .   a - +0 robe
rPois    ∞         Reflect  .   (no helmet)
rElec    .         Harm     .   (no cloak)
rCorr    +         Rampage  .   (no gloves)
Will     .....                  (boots unavailable)
Stlth    +++.......             f - amulet of regeneration
HPRegen  1.15/turn              h - ring of resist corrosion
MPRegen  0.00/turn              d - ring "Ograec" {Ice Str+5 Stlth+}

@: flying
A: fire resistance 2, cold vulnerability 1, float, innate caster, hp casting,
extra vitality 1
a: no special abilities


You were on level 4 of the Dungeon.
You visited 1 branch of the dungeon, and saw 4 of its levels.

You collected 150 gold pieces.

Inventory:

Missiles
 p - 5 atropa-tipped darts
Armour
 a - a +0 robe (worn)
Jewellery
 d - the ring "Ograec" (right hand) {Ice Str+5 Stlth+}
   (You acquired it on level 3 of the Dungeon)

   [ring of ice]

   It enhances your ice magic.
   It affects your strength (+5).
   It makes you vulnerable to fire.
   It protects you from cold.
   It makes you more stealthy.
 f - an amulet of regeneration (around neck)
 h - a ring of resist corrosion (left hand)
 l - a ring of protection from cold
Scrolls
 b - 4 scrolls of identify {unknown}
 c - 3 scrolls of holy word {unknown}
 i - 2 scrolls of enchant armour {unknown}
 j - 2 scrolls of noise {unknown}
 k - a scroll of magic mapping {unknown}
 m - a scroll of acquirement
Potions
 e - 2 potions of curing {unknown}
 g - 2 potions of attraction {unknown}
 n - 3 potions of heal wounds {unknown}
 o - a potion of degeneration {unknown}


   Skills:
 * Level 3.8 Dodging
 + Level 2.1 Stealth
 + Level 6.9 Spellcasting


You couldn't memorise any spells.
You knew the following spells:

 Your Spells              Type           Power      Damage    Failure   Level
a - Freeze                Ice            100%       1d11      1%          1
b - Frozen Ramparts       Ice            94%        1d11      1%          3
c - Ozocubu's Armour      Ice            47%        N/A       1%          3
d - Hailstorm             Conj/Ice       47%        3d11      6%          4
e - Metabolic Englaciati  Hex/Ice        23%        N/A       17%         5
f - Summon Small Mammal   Summ           100%       N/A       1%          1
g - Slow                  Hex            31%        N/A       1%          2
h - Static Discharge      Conj/Air       31%        N/A       1%          3
Your spell library was empty.

Dungeon Overview and Level Annotations

Branches:
Dungeon (4/15)
 Temple: D:4-7

Altars:

Annotations:
D:4 Sigmund


Innate Abilities, Weirdness & Mutations

You are immune to poison.
Your flesh is very heat resistant. (rF++)
You are vulnerable to cold. (rC-)
You float through the air rather than walking.
You learn spells naturally, not from books.
Your magical power is your life essence.
You have superior vitality. (+4 HP)


Message History

The black bear bites you! The black bear closely misses you. x2
The black bear bites you. The black bear claws you. x2
Casting: Freeze (safe; 1% risk of failure)
Confirm with . or Enter, or press ? or * to list all spells.
Casting: Frozen Ramparts (safe; 1% risk of failure)
Press: ? - help, Dir - look around, f - activate You feel a surge of power!
The walls around you are covered in ice.
The wall freezes the black bear.
The black bear bites you. The black bear barely misses you.
The black bear claws you.
The wall freezes the black bear.
The black bear bites you!
* * * LOW HITPOINT WARNING * * *
The black bear claws you.
* * * LOW HITPOINT WARNING * * *
The black bear barely misses you.
Your frozen ramparts will break if you move.
Continue?
The frozen ramparts melt away as you move.
The black bear barely misses you. The black bear closely misses you.
The black bear barely misses you.
Okay, then.
Okay, then.
Casting: Frozen Ramparts (safe; 1% risk of failure)
Confirm with . or Enter, or press ? or * to list all spells.
Okay, then.
Casting: Frozen Ramparts (safe; 1% risk of failure)
Confirm with . or Enter, or press ? or * to list all spells.
Aiming: Freeze (safe; 1% risk of failure)
Press: ? - help, Shift-Dir - straight line, f - black bear
Aim: a black bear (almost dead, berserk)
You feel a surge of power!
You freeze the black bear.
The black bear is almost dead.
* * * LOW HITPOINT WARNING * * *
The black bear barely misses you.
The black bear claws you but does no damage.
The black bear claws you.
* * * LOW HITPOINT WARNING * * *
The black bear bites you.
* * * LOW HITPOINT WARNING * * *
The black bear claws you.
You die...

#.##.# #.
#<.
#.##.# #
#..
#.##.#
#..
#.##.#
###
#.##.#
#.##.#
#.# ###
####
#h##.....
....
#@....#
....
#####.#
### ####
#... #.##


You could see a black bear (berserk).

Vanquished Creatures
  An ogre (D:4)
  A sky beast (D:3)
  A howler monkey (D:4)
  A hound (D:4)
  2 orc priests (D:3)
  An iguana (D:4)
  An orc wizard (D:3)
  6 gnolls
  4 adders (D:4)
  An ufetubus (D:2)
  A worm (D:3)
  4 dart slugs
  9 orcs
  8 ball pythons
  5 bats
  6 endoplasms
  3 giant cockroaches
  7 goblins
  5 hobgoblins
  5 jackals
  14 kobolds
  6 quokkas
  4 frilled lizards
  A rat (D:2)
97 creatures vanquished.

Vanquished Creatures (collateral kills)
  A gnoll shaman (D:2)
  2 iguanas
  5 gnolls
  An orc (D:3)
  2 ball pythons
  A bat (D:1)
  2 endoplasms (D:1)
  2 goblins (D:1)
  2 hobgoblins (D:3)
  A jackal (D:4)
  A frilled lizard (D:1)
  A kobold (D:3)
  A rat (D:1)
22 creatures vanquished.

Grand Total: 119 creatures vanquished

Notes
Turn   | Place    | Note
-------+----------+-------------------------------------------
     0 | D:1      | leviel the Djinni Ice Elementalist began the quest for the
                  | Orb.
     0 | D:1      | Reached XP level 1. HP: 15/15 MP: 0/0
   327 | D:1      | Reached XP level 2. HP: 20/21 MP: 0/0
   331 | D:1      | Reached skill level 4 in Spellcasting
   627 | D:1      | Reached XP level 3. HP: 19/25 MP: 0/0
   627 | D:1      | Learned a level 1 spell: Summon Small Mammal
   976 | D:1      | Found a faded altar of an unknown god.
  2012 | D:2      | Reached XP level 4. HP: 31/31 MP: 0/0
  2561 | D:2      | Reached skill level 5 in Spellcasting
  2606 | D:2      | Reached XP level 5. HP: 28/35 MP: 0/0
  2606 | D:2      | Learned a level 2 spell: Slow
  2934 | D:3      | Noticed a sky beast
  2952 | D:3      | Killed a sky beast
  2978 | D:3      | Reached XP level 6. HP: 40/40 MP: 0/0
  2997 | D:3      | Identified a scroll of acquirement
  2997 | D:3      | Acquired the ring "Ograec" {Ice Str+5 Stlth+}
  3484 | D:3      | Reached skill level 6 in Spellcasting
  4236 | D:4      | Reached XP level 7. HP: 38/45 MP: 0/0
  4236 | D:4      | Learned a level 3 spell: Static Discharge
  4485 | D:4      | Noticed Sigmund
  4636 | D:4      | HP: 2/45 [black bear (6)]
  4637 | D:4      | Slain by a black bear

Illustrated notes

Levels and vault maps discovered:
D:1:      onia_arrival_mini_spirals, layout_basic,
          hellmonk_ecumenical_altar_pennies_from_heaven, minmay_unequal
D:2:      layout_loops_corners, minmay_goblin_kobold_house
D:3:      layout_basic, minmay_bisected
D:4:      layout_loops_ring, minmay_misc_feat_secret_circle, uniq_sigmund

Skill      XL: |  1  2  3  4  5  6 |
---------------+-------------------+-----
Spellcasting   | 4 5 6 |  6.9
Dodging        | 3 |  3.8
Stealth        | 2 |  2.1

Action                   |  1- 3 |  4- 6 |  7- 9 || total
-------------------------+-------+-------+-------++-------
Melee: Unarmed           |     8 |    13 |       ||    21
 Cast: Freeze            |    39 |    99 |    18 ||   156
       Summon Small Mamm |    23 |    61 |    35 ||   119
       Frozen Ramparts   |     2 |       |     2 ||     4
       Hailstorm         |       |     3 |       ||     3
  Use: Scroll            |       |     1 |       ||     1
 Stab: Sleeping          |     1 |       |       ||     1
Armor: Robe              |     4 |    11 |     2 ||    17
Dodge: Dodged            |    32 |    61 |    37 ||   130

Table legend: (Time is in decaauts)
 A = Elapsed time spent in this place.
 B = Non-inter-level travel time spent in this place.
 C = Inter-level travel time spent in this place.
 D = Time resting spent in this place.
 E = Time spent auto-exploring this place.
 F = Levels seen in this place.
 G = Mean time per level.
                   A        B        C        D        E       F      G
               +--------+--------+--------+--------+--------+-----+--------+
         Total |   4637 |   4505 |    132 |    567 |   2977 |   4 | 1159.2 |
       Dungeon |   4637 |   4505 |    132 |    567 |   2977 |   4 | 1159.2 |
               +--------+--------+--------+--------+--------+-----+--------+

Top non-repeatable levels by time:
     D:1: 1835 daAuts
     D:3: 1394 daAuts
     D:2: 956 daAuts
     D:4: 451 daAuts
